 Dungeon Crawl Stone Soup version 0.29.1-4-g47bece8355 (webtiles) character file.

Game seed: 7498919382465399051

58 concernfroge the Trooper (level 3, -3/31 HPs)
             Began as a Mummy Monk on Dec 3, 2022.
             Slain by an iguana (8 damage)
             ... on level 3 of the Dungeon.
             The game lasted 00:05:50 (2888 turns).

concernfroge the Trooper (Mummy Monk)               Turns: 2888, Time: 00:05:51

Health: -3/31      AC:  7    Str: 16    XL:     3   Next: 75%
Magic:  3/3        EV: 10    Int:  9    God:
Gold:   111        SH:  0    Dex: 14    Spells: 2/2 levels left

rFire   x . .      SeeInvis .   a - +0 spear
rCold   + . .      Faith    .   (no shield)
rNeg    + + +      Spirit   .   e - +0 scale mail
rPois   ∞          Reflect  .   h - +0 helmet
rElec   .          Harm     .   c - scarf {repulsion}
rCorr   .          Rampage  .   (no gloves)
Will    .....                   (no boots)
Stlth   ..........              (no amulet)
HPRegen 0.10/turn               (no ring)
MPRegen 0.08/turn               (no ring)

@: studying Short Blades, repel missiles
A: cold resistance 1, negative energy resistance 3, torment resistance 2, heat
vulnerability 1, in touch with death 1, no potions
a: no special abilities


You were on level 3 of the Dungeon.
You visited 1 branch of the dungeon, and saw 4 of its levels.

You collected 111 gold pieces.

Inventory:

Hand Weapons
 a - a +0 spear (weapon)
Armour
 c - a scarf of repulsion (worn)
 e - a +0 scale mail (worn)
 h - a +0 helmet (worn)
Scrolls
 b - a scroll of teleportation
 d - a scroll of identify
 f - a scroll of magic mapping


   Skills:
 + Level 4.7 Fighting
 - Level 2.4 Polearms
 - Level 2.4 Dodging
 - Level 1.5 Stealth


You had 2 spell levels left.
You didn't know any spells.
Your spell library was empty.

Dungeon Overview and Level Annotations

Branches:
Dungeon (4/15)
 Temple: D:4-7

Altars:
Gozag
Hepliaklqana

Shops:
D:4 :

Annotations:
D:2 Robin
D:4 2 transporters


Innate Abilities, Weirdness & Mutations

You are immune to poison.
Your flesh is cold resistant. (rC+)
You are immune to negative energy. (rN+++)
You are immune to unholy pain and torment.
You are vulnerable to heat. (rF-)
You are in touch with the powers of death.
You do not drink.


Message History

The iguana bites you but does no damage.
You hit the iguana but do no damage.
The iguana is moderately wounded.
The iguana bites you!
You hit the iguana.
The iguana is heavily wounded.
The iguana closely misses you.
You barely miss the iguana.
The iguana is heavily wounded.
The iguana bites you!
You are too injured to fight recklessly!
You are too injured to fight recklessly!
You are too injured to fight recklessly!
You are too injured to fight recklessly!
You closely miss the iguana.
The iguana is heavily wounded.
The iguana barely misses you.
You hit the iguana but do no damage.
The iguana is heavily wounded.
The iguana barely misses you.
You hit the iguana but do no damage.
The iguana is heavily wounded.
The iguana barely misses you.
You hit the iguana.
The iguana is heavily wounded.
The iguana bites you!
* * * LOW HITPOINT WARNING * * *
You hit the iguana.
The iguana is severely wounded.
The iguana misses you.
You closely miss the iguana.
The iguana is severely wounded.
The iguana closely misses you.
You hit the iguana.
The iguana is almost dead.
The iguana closely misses you.
You hit the iguana.
The iguana is almost dead.
The iguana bites you!
You die...

#...#.#....####...#.
#.#.#.#.##......####
#.#.#.#,*######...#.
#.#.#.#,* #...#.
#.#.#.#.# ###...
#.#.#.#.# ####
#.#.#.#.# #.#.#.#,*
**,#@#,#,*
**,,#l#,*,*
**,,*..#,*,*
*,,*#..#,*,*
*,**....,,,*
*,*..###**** *,,.#*
**##*


You could see an iguana.

Vanquished Creatures
  An adder (D:2)
  2 dart slugs (D:1)
  2 orcs (D:3)
  3 ball pythons
  2 bats
  3 endoplasms (D:3)
  3 giant cockroaches
  6 goblins
  5 hobgoblins
  3 frilled lizards (D:1)
  7 kobolds
  3 rats
40 creatures vanquished.

Notes
Turn   | Place    | Note
-------+----------+-------------------------------------------
     0 | D:1      | concernfroge the Mummy Monk began the quest for the Orb.
     0 | D:1      | Reached XP level 1. HP: 18/18 MP: 1/1
   284 | D:1      | Reached XP level 2. HP: 24/24 MP: 2/2
   898 | D:1      | Reached skill level 4 in Fighting
  1216 | D:2      | Gained mutation: You are in touch with the powers of death.
                  | [Mummy growth]
  1216 | D:2      | Reached XP level 3. HP: 25/31 MP: 3/3
  1333 | D:2      | Noticed Robin
  2088 | D:4      | Found a hazy altar of Hepliaklqana.
  2088 | D:4      | Found Hurch's Book Emporium.
  2088 | D:4      | Found an opulent altar of Gozag.
  2088 | D:4      | Noticed a water moccasin
  2088 | D:4      | Noticed a bullfrog
  2376 | D:4      | Noticed a wight
  2389 | D:4      | Found a transporter.
  2446 | D:4      | Found a transporter.
  2888 | D:3      | Slain by an iguana

Illustrated notes

Levels and vault maps discovered:
D:1:      sevenhm_arrival_forest_fort_small_6, layout_loops_ring
D:2:      layout_basic, serial_shops, shop, basic_altar,
          kennysheep_generic_room_14, uniq_robin, uniq_terence
D:3:      layout_loops_cross, serial_co_window_serial, co_window_corner_a,
          co_window_of_opportunity_a, co_window_paths_b, co_window_corner_a,
          co_window_paths_a, co_window_broadway_b, co_window_unsneaky_path_b,
          co_window_paths_c, co_window_4corner_a, glass_columns_a,
          glass_columns_a
D:4:      layout_cave_pods, gammafunk_temple_overflow_arena, serial_shops,
          nicolae_shop_competitors_out_of_business

Skill      XL: |  1  2 |
---------------+-------+-----
Fighting       | 4 |  4.7
Polearms       | |  2.4
Dodging        | |  2.4
Stealth        | |  1.5

Action                   || total
-------------------------++-------
Melee: Spear             ||   193
  Use: Scroll            ||     5
 Stab: Sleeping          ||     1
Armor: Robe              ||     2
       Scale mail        ||    50
Dodge: Dodged            ||    94
       Repelled          ||     1
